 Dungeon Crawl Stone Soup version 0.20.0-7-g3b7b877 (webtiles) character file.

88 Chiseanne the Vexing (level 4, 0/26 HPs)
             Began as a Deep Elf Arcane Marksman on May 28, 2017.
             Was an Initiate of Okawaru.
             Succumbed to a worker ant's poison
             ... on level 6 of the Dungeon.
             The game lasted 00:05:03 (2030 turns).

Chiseanne the Vexing (Deep Elf Arcane Marksman)     Turns: 2030, Time: 00:05:04

Health: 0/26       AC:  4    Str:  8    XL:     4   Next: 30%
Magic:  8/8        EV: 13    Int: 18    God:    Okawaru [......]
Gold:   67         SH:  0    Dex: 15    Spells: 3/6 levels left

rFire    . . .     SeeInvis .   a - +2 dagger (elec)
rCold    . . .     Gourm    .   (no shield)
rNeg     . . .     Faith    .   q - +0 leather armour
rPois    .         Spirit   .   (no helmet)
rElec    .         Reflect  .   (no cloak)
rCorr    .         Harm     .   (no gloves)
MR       .....                  i - +0 pair of boots
Stlth    +.........             (no amulet)
Regen    0.1/turn               (no ring)
MPRegen  0.2/turn               (no ring)

@: lethally poisoned (0 -> -2), hasted, very quick
A: no striking features
a: Renounce Religion


You were on level 6 of the Dungeon.
You worshipped Okawaru.
Okawaru was noncommittal.
You were not hungry.

You visited 1 branch of the dungeon, and saw 4 of its levels.

You collected 67 gold pieces.

Inventory:

Hand Weapons
 a - a +2 dagger of electrocution (weapon)
 w - a +0 hunting sling
Missiles
 b - 5 tomahawks (quivered)
 d - 32 sling bullets
 g - 53 bolts
 l - 47 stones
 o - 68 arrows
Armour
 i - a +0 pair of boots (worn)
 m - a +0 buckler
 q - a +0 leather armour (worn)
Scrolls
 j - 3 scrolls of fear
Potions
 e - a potion of cancellation
Books
 c - a book of Debilitation

   Spells                             Type                      Level
   a - Corona                         Hexes                        1
   b - Slow                           Hexes                        2
   c - Inner Flame                    Hexes/Fire                   3
   d - Portal Projectile              Hexes/Translocation          3
   e - Cause Fear                     Hexes                        4
   f - Leda's Liquefaction            Hexes/Earth                  4
Comestibles
 f - 3 bread rations
 h - a royal jelly
 n - a meat ration
 p - 6 chunks of flesh


   Skills:
 * Level 2.0 Fighting
 - Level 1.5(1.9) Slings
 - Level 1.8(2.2) Throwing
 * Level 0.4 Armour
 * Level 3.5 Dodging
 - Level 1.5 Spellcasting
 - Level 4.0 Hexes
 * Level 0.9 Invocations


You had 3 spell levels left.
You knew the following spells:

 Your Spells              Type           Power        Failure   Level  Hunger
a - Corona                Hex            ###....      4%          1    ##.....
b - Slow                  Hex            ###.....     8%          2    ###....


Dungeon Overview and Level Annotations

Branches:
Dungeon (3/15)

Altars:
Okawaru
Ru

Shops:
D:6 =


Message History

You feel sick.
There is an entrance to Mekh's Jewellery Emporium here.
* * * LOW HITPOINT WARNING * * *
You feel sick.
You open the door.
There is an open door here.
As you open the door, it creaks loudly!
* * * LOW HITPOINT WARNING * * *
You feel sick.
You hear a shout!
You hear an angry hiss.
A frilled lizard, a bat, a kobold and an orc wizard come into view.
The frilled lizard hisses angrily.
Found a sacrificial altar of Ru.
There is an open door here.
You barely miss the bat. The bat barely misses you.
You completely miss the bat. The bat closely misses you.
You hit the bat but do no damage. Lightning courses through the bat!
You kill the bat!
Okawaru accepts your kill.
You die...

#........................∩.....#
#.........................######
#.........................#
#..............#.....##'###
#..............+........#
#..............#...'#####
...............#...#†..#
...................#.l.#
................@..#^K...
...##.........#....###o_.# ...#
........ +....# ..... ####
....... #....# #... # ## #....#
... . #....+ #..... #......


There were no monsters in sight!

Vanquished Creatures
  A worker ant (D:6)
  An adder (D:1)
  An ooze (D:1)
  A worm (D:3)
  4 dart slugs
  2 leopard geckos (D:2)
  4 giant cockroaches
  5 goblins
  A hobgoblin (D:1)
  2 quokkas (D:3)
  8 bats
  3 frilled lizards
  A kobold (D:1)
  7 rats
41 creatures vanquished.

Notes
Turn   | Place    | Note
-------+----------+-------------------------------------------
     0 | D:1      | Chiseanne the Deep Elf Arcane Marksman began the quest for the Orb.
     0 | D:1      | Reached XP level 1. HP: 11/11 MP: 5/5
   122 | D:1      | Reached skill level 1 in Throwing
   241 | D:1      | Reached skill level 1 in Fighting
   264 | D:1      | Reached XP level 2. HP: 4/16 MP: 4/6
   797 | D:1      | Reached XP level 3. HP: 20/20 MP: 7/7
  1221 | D:1      | Learned a level 2 spell: Slow
  1315 | D:2      | Found an iron altar of Okawaru.
  1449 | D:2      | Became a worshipper of Warmaster Okawaru
  1942 | D:3      | You fall through a shaft for 3 floors!
  1983 | D:6      | Reached XP level 4. HP: 19/26 MP: 8/8
  2005 | D:6      | Found Mekh's Jewellery Emporium.
  2023 | D:6      | HP: 1/26 [poisoned by a worker ant]
  2024 | D:6      | Found a sacrificial altar of Ru.
  2030 | D:6      | Succumbed to a worker ant's poison

Skill      XL: |  1  2  3 |
---------------+----------+-----
Throwing       | 1 |  1.8
Fighting       | 1 2 |  2.0
Dodging        | 3 |  3.5
Slings         | |  1.5
Armour         | |  0.4
Spellcasting   | |  1.5
Hexes          | |  4.0
Invocations    | |  0.9

Action                   |  1- 3 |  4- 6 || total
-------------------------+-------+-------++-------
Melee: Dagger            |    19 |     3 ||    22
 Fire: Hunting sling     |   109 |       ||   109
 Cast: Corona            |     2 |       ||     2
       Slow              |     1 |       ||     1
  Use: Scroll            |     6 |       ||     6
       Potion            |       |     1 ||     1
 Stab: Sleeping          |     1 |       ||     1
  Eat: Chunk             |     3 |       ||     3
Armor: Robe              |     4 |       ||     4
       Leather armour    |     8 |       ||     8
Dodge: Dodged            |    47 |     2 ||    49
